 Dungeon Crawl Stone Soup version 0.31-a0-889-g1a8549509d (webtiles) character file.

Game seed: 8807267001146308200

324 Arex the Changeling (level 6, -1/32 HPs)
             Began as a Vine Stalker Shapeshifter on Oct 16, 2023.
             Succumbed to a kobold's poison
             ... on level 4 of the Dungeon.
             The game lasted 00:04:54 (3074 turns).

Arex the Changeling (Vine Stalker Shapeshifter)     Turns: 3074, Time: 00:04:55

Health: -1/32      AC:  8    Str: 19    XL:     6   Next: 48%
Magic:  7/7        EV:  8    Int: 10    God:
Gold:   121        SH:  0    Dex: 13    Spells: 5/5 levels left

rFire   . .          .
                       - Unarmed
rCold   . . .        (no shield)
rNeg    + . .        s - +0 chain mail
rPois   .            (helmet currently unavailable)
rElec   .            (cloak currently unavailable)
rCorr   .            (gloves currently unavailable)
SInv    .            (boots currently unavailable)
Will    .....        n - amulet of magic regeneration Stlth
                     f - ring of positive energy
HPRegen 1.05/turn    (no ring)
MPRegen 0.50/turn

%: guardian spirit
@: brilliant, lethally poisoned (-1 -> -6), beast-form
A: beast (slay +2), fangs 2, regeneration 1, magic shield, antimagic bite, no
potion heal 2
a: Begin Untransformation


You were on level 4 of the Dungeon.
You were a hulking beast.
You visited 1 branch of the dungeon, and saw 4 of its levels.

You collected 121 gold pieces.

Inventory:

Armour
 a - a +0 animal skin
 e - a +0 leather armour
 k - a +0 ring mail
 q - a +2 pair of boots
 s - a +0 chain mail (worn)
Jewellery
 f - a ring of positive energy (left hand)
 j - a ring of ice
 n - an amulet of magic regeneration (around neck)
Talismans
 c - a beast talisman (active)
 d - a flux talisman
Wands
 v - a wand of flame (21)
Scrolls
 g - a scroll of enchant weapon {unknown}
 h - 3 scrolls of teleportation {unknown}
 i - 2 scrolls of poison {unknown}
 o - a scroll of brand weapon {unknown}
 p - a scroll of noise
 r - a scroll of fear
 t - a scroll of identify
Potions
 b - 2 potions of invisibility
 l - 2 potions of enlightenment
 m - a potion of degeneration


   Skills:
 + Level 2.5 Fighting
 + Level 2.0 Armour
 - Level 1.5 Dodging
 + Level 4.1 Unarmed Combat
 * Level 4.7 Shapeshifting


You had 5 spell levels left.
You didn't know any spells.
Your spell library was empty.

Dungeon Overview and Level Annotations

Branches:
Dungeon (4/15)
 Temple: D:4-7

Altars:
Yredelemnul


Innate Abilities, Weirdness & Mutations

You are a hulking beast.
Your limbs bulge with bestial killing power. (Slay +2)
You have extremely sharp teeth.
Your natural rate of healing is unusually fast.
When hurt, damage is shared between your health and your magic reserves.
Your bite disrupts and absorbs the magic of your enemies.
Potions cannot restore your health.


Message History

You are too injured to fight recklessly!
You are too injured to fight recklessly!
You are too injured to fight recklessly!
You are too injured to fight recklessly!
You are too injured to fight recklessly!
You are too injured to fight recklessly!
You are too injured to fight recklessly!
You are too injured to fight recklessly!
You are too injured to fight recklessly!
You are too injured to fight recklessly!
You closely miss the kobold.
You feel very sick. The kobold closely misses you.
You closely miss the kobold. Your bite misses the kobold.
You feel very sick.
The kobold hits you with a +2 whip of venom.
You are more poisoned.
You miss the kobold.
You feel very sick. The kobold hits you but does no damage.
You are lethally poisoned!
Okay, then.
It was a potion of brilliance.
You feel clever all of a sudden.
* * * LOW HITPOINT WARNING * * *
You feel very sick. The kobold closely misses you.
Okay, then.
As you read the scroll labelled EMYATO MUORU, it crumbles to dust.
You hear a loud clanging noise!
It was a scroll of noise.
* * * LOW HITPOINT WARNING * * *
You feel very sick.
You hear an angry hiss.
The kobold barely misses you.
You punch the kobold!
You kill the kobold!
* * * LOW HITPOINT WARNING * * *
You feel very sick.
You die...

#.#.## .#.#.#
#.......## #.#.##
#........# .#.#.#
#........#
#.#.########........#
##
.#.#.......+.......)#+#
#.
#.#.########.?........
#####. .#.#.# #.......#
#..... #.#.## #....h†.#
#..... .#.#.# #.......#
###### #.#.##
#.......#########.....
#.###
##.###.###........####
#.# #.# #.##..........#
..# #.###.##..####....#
#.# #..##..#..# ##...#
..# #.........# ##..#
#.# #.........# ##..##


There were no monsters in sight!

Vanquished Creatures
  A phantom (D:4)
  A scorpion (D:4)
  2 orc priests
  4 gnolls (D:4)
  4 adders (D:4)
  2 worms
  A dart slug (D:2)
  3 orcs
  4 ball pythons
  3 endoplasms
  2 giant cockroaches
  3 goblins
  6 hobgoblins
  8 kobolds
  3 quokkas
  5 bats
  A frilled lizard (D:3)
  4 rats
57 creatures vanquished.

Notes
Turn   | Place    | Note
-------+----------+-------------------------------------------
     0 | D:1      | Arex the Vine Stalker Shapeshifter began the quest for the
                  | Orb.
     0 | D:1      | Reached XP level 1. HP: 9/9 MP: 2/2
   420 | D:1      | Reached skill level 1 in Fighting
   523 | D:1      | Reached XP level 2. HP: 14/14 MP: 3/3
  1158 | D:2      | Reached XP level 3. HP: 18/18 MP: 4/4
  1770 | D:4      | Noticed a scorpion
  1775 | D:4      | Killed a scorpion
  1776 | D:4      | Reached skill level 1 in Armour
  1776 | D:4      | Reached XP level 4. HP: 23/23 MP: 5/5
  2142 | D:4      | Reached XP level 5. HP: 7/26 MP: 3/6
  2220 | D:3      | Upgraded the game from 0.31-a0-881-ge136f0c47a to
                  | 0.31-a0-889-g1a8549509d
  2854 | D:4      | Found a basalt altar of Yredelemnul.
  2894 | D:4      | Reached XP level 6. HP: 22/31 MP: 7/7
  3073 | D:4      | HP: 1/32 [poisoned by a kobold]
  3074 | D:4      | Succumbed to a kobold's poison

Illustrated notes

Levels and vault maps discovered:
D:1:      minmay_arrival_widening_spiral_narrow, layout_loops_ring,
          minmay_pentomino_s2
D:2:      layout_loops_ring
D:3:      layout_loops_ring
D:4:      layout_basic, mainiacjoe_overflow_small_starburst,
          mainiacjoe_overflow_surrounded_room, marbit_many_paths,
          hangedman_decor_growths, minmay_quantized

Skill      XL: |  1  2  3  4  5  6 |
---------------+-------------------+-----
Fighting       | 1 2 |  2.5
Armour         | 1 2 |  2.0
Shapeshifting  | 4 |  4.7
Unarmed Combat | 4 |  4.1
Dodging        | |  1.5

Action                     |  1- 3 |  4- 6 || total
---------------------------+-------+-------++-------
  Melee: Unarmed           |    61 |    90 ||   151
         Bite              |    16 |    27 ||    43
         Punch             |     2 |     1 ||     3
    Use: Scroll            |     3 |     2 ||     5
         Potion            |     1 |     1 ||     2
 Armour: Ring mail         |    20 |       ||    20
         Leather armour    |     3 |       ||     3
         Chain mail        |     4 |    70 ||    74
         Skin              |     3 |       ||     3
  Dodge: Dodged            |    35 |    28 ||    63

Table legend: (Time is in decaauts)
 A = Elapsed time spent in this place.
 B = Non-inter-level travel time spent in this place.
 C = Inter-level travel time spent in this place.
 D = Time resting spent in this place.
 E = Time spent auto-exploring this place.
 F = Levels seen in this place.
 G = Mean time per level.
                   A        B        C        D        E       F      G
               +--------+--------+--------+--------+--------+-----+--------+
         Total |   3065 |   2935 |    130 |    557 |   1970 |   4 |  766.2 |
       Dungeon |   3065 |   2935 |    130 |    557 |   1970 |   4 |  766.2 |
               +--------+--------+--------+--------+--------+-----+--------+

Top non-repeatable levels by time:
     D:4: 921 daAuts
     D:1: 790 daAuts
     D:3: 725 daAuts
     D:2: 628 daAuts
